 Dungeon Crawl Stone Soup version 0.22-a0-525-gf69a0803ab (webtiles) character file.

70267 MirrMurr the Basher (level 15, -7/97 HPs)
             Began as a Kobold Berserker on June 21, 2018.
             Was a High Priest of Trog.
             Mangled by a sixfirhy (11 damage)
             ... summoned by an orc high priest
             ... on level 2 of the Orcish Mines.
             The game lasted 01:09:56 (29690 turns).

MirrMurr the Basher (Kobold Berserker)             Turns: 29690, Time: 01:09:57

Health: -7/97      AC: 22    Str: 20    XL:     15   Next: 77%
Magic:  5/5        EV: 13    Int: 10    God:    Trog [*****.]
Gold:   1837       SH: 14    Dex: 14    Spells: 14/14 levels left

rFire    + + .     SeeInvis .   a - +7 eveningstar (antimagic)
rCold    + . .     Gourm    .   e - +0 shield
rNeg     . . .     Faith    .   y - +0 plate armour
rPois    .         Spirit   .   Z - +2 helmet
rElec    .         Reflect  +   H - scarf {rC+ rF+}
rCorr    .         Harm     .   E - +2 pair of gloves
MR       ++...                  K - +0 pair of boots
Stlth    ..........             z - +3 amulet of reflection
HPRegen  0.26/turn              O - ring of protection from fire
MPRegen  0.09/turn              g - ring of protection from magic

@: lethally poisoned (-7 -> -22)
A: small, carnivore
a: Berserk, Trog's Hand, Brothers in Arms, Renounce Religion


You were on level 2 of the Orcish Mines.
You worshipped Trog.
Trog was extremely pleased with you.
You were completely stuffed.

You visited 4 branches of the dungeon, and saw 22 of its levels.
You also visited: Labyrinth.

You collected 1977 gold pieces.
You spent 140 gold pieces at shops.

Inventory:

Hand Weapons
 a - a +7 antimagic eveningstar (weapon)
 b - a +1 hunting sling
 k - the +4 demon whip "Daobecat" {pain, MP+9}
   (You acquired it on level 5 of the Lair of Beasts)

   In the hands of one skilled in necromantic magic, it inflicts extra damage on
   living creatures.
   It affects your magic capacity (+9).
 q - a +0 blowgun
 U - the +9 dagger "Detuatas" {freeze, +Blink Int+3}
   (You found it on level 2 of the Lair of Beasts)

   It has been specially enchanted to freeze those struck by it, causing extra
   injury to most foes and up to half again as much damage against particularly
   susceptible opponents.
   It can also slow down cold-blooded creatures.
   It affects your intelligence (+3).
   It lets you blink.
 W - the +5 mace "Hell-Harrower" {elec, rPois rC+}
   (You found it on level 3 of the Lair of Beasts)

   Occasionally, upon striking a foe, it will discharge some electrical energy
   and cause terrible harm.
   It protects you from cold.
   It protects you from poison.
Missiles
 d - 388 stones (quivered)
 f - 89 bolts
 h - 74 poisoned needles
 t - 37 tomahawks
 G - 9 curare-tipped needles
 M - 78 sling bullets
Armour
 e - a +0 shield (worn)
 y - a +0 plate armour (worn)
 E - a +2 pair of gloves (worn)
 H - a scarf of resistance (worn)
 K - a +0 pair of boots (worn)
 Z - a +2 helmet (worn)
Jewellery
 g - a ring of protection from magic (right hand)
 o - an uncursed ring of protection from fire
 z - a +3 amulet of reflection (around neck)
 N - an uncursed ring of resist corrosion
 O - a ring of protection from fire (left hand)
Wands
 j - a wand of iceblast (8)
 w - a wand of enslavement (5)
 B - a wand of paralysis (37)
 C - a wand of random effects (29)
 S - a wand of acid (8)
 X - a wand of digging (15)
Scrolls
 i - 3 scrolls of fog
 n - a scroll of magic mapping
 r - 11 scrolls of remove curse
 s - 19 scrolls of teleportation
 A - 5 scrolls of fear
 J - 4 scrolls of enchant armour
 L - 2 scrolls of blinking
Potions
 l - a potion of invisibility {unknown}
 m - 6 potions of curing
 p - a potion of magic {unknown}
 u - 5 potions of mutation
 v - 3 potions of ambrosia {unknown}
 x - 4 potions of flight
 D - 3 potions of haste {unknown}
 F - 3 potions of lignification {unknown}
 I - a potion of cancellation {unknown}
 Q - 3 potions of heal wounds
 R - 3 potions of degeneration {unknown}
 T - a potion of resistance {unknown}
Comestibles
 c - 31 rations
 P - 4 chunks of flesh


   Skills:
 + Level 12.5 Fighting
 * Level 14.4 Maces & Flails
 + Level 8.9 Armour
 + Level 13.4 Dodging
 + Level 9.3 Stealth
 + Level 7.1 Shields


You had 14 spell levels left.
You didn't know any spells.
Your spell library was empty.

Dungeon Overview and Level Annotations

Branches:
Dungeon (13/15)            Temple (1/1) D:4            Lair (6/6) D:10
  Swamp (0/4) Lair:2        Snake (0/4) Lair:2        Slime (0/5) Lair:6
    Orc (2/2) D:9             Elf (0/3) Orc:2
 Vaults: D:13-14

Altars:
Cheibriados
Elyvilon
Fedhas
Gozag
Hepliaklqana
Kikubaaqudgha
Makhleb
Nemelex Xobeh
Okawaru
Qazlal
Ru
Trog
Uskayaw
Vehumet
Wu Jian
Xom
Yredelemnul
Zin
The Shining One
Beogh
Jiyva

Shops:
D:5 }   D:6 (   D:13 }   Orc:1 *

Portals:
Trove: D:10 (give +4 fire dragon scales)

Annotations:
D:3 3 runed doors Ghosttown, Azzok's ghost, amateur GrHu; gorpus's ghost, amateur DEWz; henreader's ghost, amateur CeAM; htuhola's ghost, amateur DEFE
D:6 exclusion: statue
Lair:3 3 runed doors, Oravi's ghost, journeyman TeAE
Lair:4 2 transporters, Ysmampeo's ghost, journeyman DEWz
Lair:6 Hellmouth, exclusion: door
Orc:2 3 exclusions


Innate Abilities, Weirdness & Mutations

You are small and have problems with some larger weapons.
You are carnivorous and can eat meat at any time.


Message History

You block the orange demon's attack.
The orc wizard hits you but does no damage.
You barely miss the orc high priest.
The orc high priest is almost dead.
The sixfirhy barely misses you. The sixfirhy hits you! The sixfirhy shocks you!
You block the orc high priest's attack. The orange demon stings you.
* * * LOW HITPOINT WARNING * * *
You are poisoned.
The orange demon poisons you! The orange demon closely misses you.
You block the orc's attack. The sixfirhy hits you!
* * * LOW HITPOINT WARNING * * *
The sixfirhy shocks you!
* * * LOW HITPOINT WARNING * * *
You hit the orc high priest.
The orc high priest is almost dead.
* * * LOW HITPOINT WARNING * * *
You feel sick. You block the sixfirhy's attack. The sixfirhy hits you.
* * * LOW HITPOINT WARNING * * *
The sixfirhy shocks you!
You die...

#...........###
##....)...### ###.#.<...#
. ###.....## #..
#####.......### ....
##..#..........# ##o...(
#......###.....###55o.((.
#.......###.....#o3oO....
#.....######...o@oo5#...o
.#....#.##...(.4#3### .
####....#......####
###...........#
#............##
##........#### ###....###
#....# ###.##


You could see an orc high priest, an orange demon, a sixfirhy, a ynoxinul, an
orc warrior, an ogre, an orc priest, 2 orc wizards, 2 orcs and 3 ufetubi.

Vanquished Creatures
  Gastronok (D:9)
  A minotaur (Lab)
  Josephine (D:9)
  Harold (Lair:4)
  6 hydras
  A centaur warrior (D:13)
  6 two-headed ogres
  Urug (Lair:4)
  Sonja (D:12)
  The ghost of Deemzul the Slasher, a novice FoFi of Cheibriados (D:7)
  2 unseen horrors
  2 orc knights (Orc:2)
  A wizard (Lair:6)
  Pikel (D:4)
  An orc sorcerer (Orc:1)
  2 oklob plants (D:10)
  2 manticores
  3 ugly things
  6 cyclopes
  Joseph (D:7)
  4 black mambas
  19 elephants
  3 gargoyles
  9 spiny frogs
  5 komodo dragons
  4 kobold demonologists
  4 rime drakes
  4 trolls
  Grinder (D:3)
  8 dream sheep
  12 hippogriffs
  6 slime creatures
  Prince Ribbit (D:9)
  8 blink frogs
  A shadow (D:13)
  2 redbacks (Lab)
  Sigmund (D:5)
  2 vampires
  4 wraiths
  2 wyverns
  Eustachio (D:5)
  42 yaks
  6 hungry ghosts
  A fire elemental (Orc:1)
  Grum (Lair:1)
  3 basilisks
  Menkaure (D:4)
  3 swamp worms (Lair:2)
  3 nagas (Lair:2)
  A soldier ant (D:11)
  15 water moccasins
  11 porcupines
  2 slaves
  15 orc warriors
  5 ice beasts
  2 sky beasts
  8 ogres
  4 phantoms
  An eye of draining (D:13)
  11 wolves
  17 centaurs
  9 crocodiles
  3 big kobolds
  11 bullfrogs
  Blork the orc (D:5)
  A water moccasin zombie (D:9)
  4 scorpions
  A water moccasin skeleton (D:6)
  49 killer bees
  4 howler monkeys
  An electric eel (Lair:3)
  2 bullfrog zombies
  2 lava snakes (D:12)
  A quasit (D:8)
  3 centaur zombies
  7 hounds
  7 jellies
  Crazy Yiuf (D:7)
  7 crimson imps
  3 centaur skeletons
  16 orc wizards
  A gnoll shaman (D:10)
  7 orc priests
  A bullfrog skeleton (D:6)
  5 iguanas
  8 worker ants
  A hound zombie (D:10)
  3 hound skeletons
  A worker ant zombie (D:11)
  13 adders
  12 gnolls
  A howler monkey skeleton (D:9)
  2 shadow imps
  5 oozes (D:11)
  An adder skeleton (D:5)
  An adder zombie (D:5)
  4 worms
  8 leopard geckos
  53 orcs
  A ball python (D:3)
  5 giant cockroaches
  5 goblins
  4 hobgoblins
  20 jackals
  20 kobolds
  4 quokkas
  A ball python skeleton (D:4)
  10 bats
  8 frilled lizards
  A jackal skeleton (D:5)
  A quokka zombie (D:6)
  7 rats
  2 fungi
  2 plants
645 creatures vanquished.

Vanquished Creatures (collateral kills)
  2 blink frogs (Lair:3)
2 creatures vanquished.

Vanquished Creatures (others)
  A centaur (D:11)
  A jelly (D:8)
  2 jackals (D:8)
  A quokka (D:7)
  8 fungi
  A plant (Lair:2)
  4 withered plants
18 creatures vanquished.

Grand Total: 665 creatures vanquished

Notes
Turn   | Place    | Note
-------+----------+-------------------------------------------
     0 | D:1      | MirrMurr the Kobold Berserker began the quest for the Orb.
     0 | D:1      | Reached XP level 1. HP: 14/14 MP: 1/1
   206 | D:1      | Reached XP level 2. HP: 11/19 MP: 2/2
   373 | D:1      | Reached skill level 3 in Maces & Flails
  1004 | D:2      | Found a bloodstained altar of Trog.
  1090 | D:2      | Reached XP level 3. HP: 23/23 MP: 3/3
  1793 | D:2      | Reached XP level 4. HP: 29/29 MP: 4/4
  2056 | D:2      | Found a snail-covered altar of Cheibriados.
  2160 | D:2      | Reached ** piety under Trog
  2297 | D:3      | Reached skill level 4 in Maces & Flails
  2297 | D:3      | Reached XP level 5. HP: 24/33 MP: 5/5
  2592 | D:3      | Found a runed gate.
  2594 | D:3      | Found a runed gate.
  2594 | D:3      | Noticed htuhola's ghost (amateur DEFE)
  2594 | D:3      | Noticed henreader's ghost (amateur CeAM)
  2595 | D:3      | Noticed gorpus's ghost (amateur DEWz)
  2596 | D:3      | Found a runed gate.
  2597 | D:3      | Noticed Azzok's ghost (amateur GrHu)
  2677 | D:3      | Found a basalt altar of Yredelemnul.
  2707 | D:3      | Noticed a phantom
  2776 | D:3      | Killed a phantom
  2776 | D:3      | Reached XP level 6. HP: 33/39 MP: 6/6
  3174 | D:3      | You fall through a shaft for 2 floors!
  3174 | D:5      | Entered Level 5 of the Dungeon
  3187 | D:5      | Noticed a sky beast
  3194 | D:5      | Killed a sky beast
  3194 | D:5      | Reached skill level 5 in Maces & Flails
  3194 | D:5      | Reached XP level 7. HP: 44/44 MP: 7/7
  3669 | D:3      | Noticed Grinder
  3684 | D:3      | Paralysed by Grinder for 7 turns
  3711 | D:3      | Killed Grinder
  3711 | D:3      | Reached skill level 5 in Fighting
  3711 | D:3      | Reached skill level 5 in Dodging
  4134 | D:3      | Reached skill level 6 in Maces & Flails
  4134 | D:3      | Reached XP level 8. HP: 32/50 MP: 8/8
  4315 | D:4      | Noticed Menkaure
  4320 | D:4      | Killed Menkaure
  4709 | D:4      | Reached *** piety under Trog
  4792 | D:4      | Reached skill level 7 in Maces & Flails
  5070 | D:4      | Found a staircase to the Ecumenical Temple.
  5088 | Temple   | Entered the Ecumenical Temple
  5275 | D:4      | Found a blossoming altar of Fedhas.
  5520 | D:5      | Reached XP level 9. HP: 49/56 MP: 9/9
  5668 | D:5      | Noticed Pikel
  5695 | D:4      | Killed Pikel
  5873 | D:5      | Noticed Sigmund
  6001 | D:5      | Killed Sigmund
  6001 | D:5      | Reached skill level 8 in Maces & Flails
  6250 | D:5      | Noticed Blork the orc
  6255 | D:5      | Killed Blork the orc
  6352 | D:5      | Noticed Eustachio
  6368 | D:5      | Killed Eustachio
  6452 | D:5      | Found Avisiuda's Gadget Shoppe.
  6585 | D:5      | Found an opulent altar of Gozag.
  6766 | D:6      | Found a glowing silver altar of Zin.
  6826 | D:6      | Found a sparkling altar of Nemelex Xobeh.
  7108 | D:6      | Found Jacor's Weapon Shop.
  7283 | D:6      | Reached XP level 10. HP: 59/63 MP: 10/10
  7403 | D:6      | Found a burning altar of Makhleb.
  7487 | D:6      | Found a radiant altar of Vehumet.
  7927 | D:7      | Reached skill level 9 in Maces & Flails
  7948 | D:7      | Found a white marble altar of Elyvilon.
  8080 | D:7      | Found a runed door.
  8080 | D:7      | Noticed Deemzul's ghost (novice FoFi)
  8106 | D:7      | Noticed Joseph
  8121 | D:7      | Killed Joseph
  8512 | D:7      | Found a runed door.
  8600 | D:7      | Killed Deemzul's ghost
  8638 | D:7      | Noticed Crazy Yiuf
  8645 | D:7      | Killed Crazy Yiuf
  8958 | D:8      | Reached **** piety under Trog
  8975 | D:8      | Noticed a two-headed ogre
  8998 | D:8      | Killed a two-headed ogre
  9289 | D:8      | Found a radiant altar of Vehumet.
  9451 | D:8      | Reached skill level 10 in Maces & Flails
  9451 | D:8      | Reached XP level 11. HP: 45/69 MP: 11/11
  9719 | D:8      | Reached skill level 1 in Shields
  9784 | D:8      | Found an iron altar of Okawaru.
  9878 | D:8      | Noticed a two-headed ogre
  9912 | D:8      | Killed a two-headed ogre
  9912 | D:8      | Reached skill level 5 in Armour
 10311 | D:9      | Noticed Prince Ribbit
 10319 | D:9      | Killed Prince Ribbit
 10470 | D:9      | Noticed Gastronok
 10493 | D:9      | Killed Gastronok
 10614 | D:9      | Found a staircase to the Orcish Mines.
 10713 | D:9      | Found a roughly hewn altar of Beogh.
 11213 | D:9      | Reached skill level 10 in Dodging
 11379 | D:9      | Found a glowing golden altar of the Shining One.
 11506 | D:10     | Entered Level 10 of the Dungeon
 11562 | D:10     | Noticed a two-headed ogre
 11579 | D:10     | Killed a two-headed ogre
 11584 | D:10     | Reached skill level 11 in Maces & Flails
 11617 | D:10     | Found a portal to a secret trove of treasure.
 11738 | D:10     | Noticed Josephine
 11780 | D:9      | Killed Josephine
 11780 | D:9      | Reached XP level 12. HP: 6/77 MP: 12/12
 12112 | D:10     | Received a gift from Trog
 12302 | D:10     | HP: 2/77 [orc warrior/battleaxe of electrocution (13)]
 12824 | D:10     | Found a staircase to the Lair.
 13283 | D:11     | Reached skill level 10 in Fighting
 13429 | D:11     | Noticed a five-headed hydra
 13431 | D:11     | Noticed a two-headed ogre
 13462 | D:11     | Killed a five-headed hydra
 13466 | D:11     | Killed a two-headed ogre
 13577 | D:11     | Reached ***** piety under Trog
 13592 | D:11     | Found a hide-covered altar of Uskayaw.
 13681 | D:11     | Found a labyrinth entrance.
 13690 | Lab      | Entered a labyrinth
 13905 | Lab      | Found an exit through the horrors of the Abyss.
 14064 | Lab      | Found an exit through the horrors of the Abyss.
 14135 | Lab      | Noticed a minotaur
 14145 | Lab      | Killed a minotaur
 14150 | Lab      | Got a crystal mace
 14150 | Lab      | Got a shimmering steel amulet
 14153 | Lab      | Identified the amulet of Jenwamn Xohe {+Rage rN+} (You found it in a labyrinth)
 14463 | D:11     | Identified the +7 mace "Funk" {elec, MR+} (You found it in a labyrinth)
 14639 | D:11     | Reached skill level 12 in Maces & Flails
 14835 | Lair:1   | Entered Level 1 of the Lair of Beasts
 14903 | Lair:1   | Reached XP level 13. HP: 83/83 MP: 13/13
 14948 | Lair:1   | Received a gift from Trog
 14951 | Lair:1   | Noticed Grum
 14968 | Lair:1   | Killed Grum
 15881 | Lair:2   | Found a staircase to the Snake Pit.
 15931 | Lair:2   | Got an iridescent dagger
 16067 | Lair:2   | Reached skill level 1 in Stealth
 16290 | Lair:2   | Reached skill level 5 in Shields
 16822 | Lair:2   | Found a staircase to the Swamp.
 17572 | Lair:3   | Got a pitted mace
 17573 | Lair:3   | Identified the +5 mace "Hell-Harrower" {elec, rPois rC+} (You found it on level 3 of the Lair of Beasts)
 17732 | Lair:3   | Received a gift from Trog
 17775 | Lair:3   | Found a runed gate.
 18352 | Lair:3   | Found a runed gate.
 18353 | Lair:3   | Found a runed gate.
 18355 | Lair:3   | Noticed a death ooze
 18356 | Lair:3   | Noticed Oravi's ghost (journeyman TeAE)
 19483 | Lair:3   | Found a viscous altar of Jiyva.
 19529 | Lair:4   | Noticed Urug
 20155 | Lair:3   | Reached XP level 14. HP: 36/90 MP: 4/14
 20382 | Lair:4   | Killed Urug
 20382 | Lair:4   | Reached skill level 13 in Maces & Flails
 20382 | Lair:4   | Reached skill level 5 in Stealth
 20720 | Lair:4   | Found a transporter.
 20722 | Lair:4   | Noticed Harold
 20740 | Lair:4   | Killed Harold
 20764 | Lair:4   | Found a transporter.
 20767 | Lair:4   | Noticed Ysmampeo's ghost (journeyman DEWz)
 20838 | Lair:4   | Received a gift from Trog
 21743 | Lair:5   | Identified a scroll of acquirement
 21744 | Lair:5   | Got a translucent demon whip
 21745 | Lair:5   | Identified the +4 demon whip "Daobecat" {pain, MP+9} (You acquired it on level 5 of the Lair of Beasts)
 22538 | Lair:6   | Entered Level 6 of the Lair of Beasts
 23888 | Lair:5   | Received a gift from Trog
 23888 | Lair:5   | Reached XP level 15. HP: 59/96 MP: 5/15
 24193 | Lair:6   | Found a staircase to the Slime Pits.
 25393 | D:12     | Reached skill level 14 in Maces & Flails
 25557 | D:12     | Noticed Sonja
 25574 | D:12     | Killed Sonja
 26459 | D:13     | HP: 3/96 [centaur warrior/arrow (14)]
 26688 | D:13     | Found Wavesoxi's Gadget Boutique.
 27738 | D:13     | Identified the +9 dagger "Detuatas" {freeze, +Blink Int+3} (You found it on level 2 of the Lair of Beasts)
 27839 | D:13     | HP: 6/145 [slime creature (10)]
 28390 | Orc:1    | Entered Level 1 of the Orcish Mines
 28640 | Orc:1    | Received a gift from Trog
 28643 | Orc:1    | Found Diofet's General Store.
 28657 | Orc:1    | Bought 2 potions of heal wounds for 140 gold pieces
 28947 | Orc:2    | Entered Level 2 of the Orcish Mines
 29418 | Orc:2    | Found a staircase to the Elven Halls.
 29690 | Orc:2    | HP: 4/97 [sixfirhy[an orc high priest] (3)]
 29690 | Orc:2    | Mangled by a sixfirhy

Vault maps used:
D:1:      lightli_arrival_lavapool
D:2:      bloody_trog, lemuel_crystal_altar, minmay_tree_intersection
D:3:      overflow_temple_1_default, gammafunk_ghost_cemetery, first_ration,
          uniq_grinder
D:4:      fedhas_altar_2, minmay_temple_entry_trees, guppyfry_early_orc_mine,
          uniq_menkaure
D:5:      nicolae_gozag_cash_rules_everything_around_me, serial_shops,
          kennysheep_mini, lemuel_flamethrower_1, uniq_sigmund,
          uniq_blork_the_orc, uniq_pikel, uniq_eustachio
D:6:      nemelex_xobeh_ov_fountains_minmay, nicolae_overflow_hidden_temple,
          vehumet_statue, kennysheep_little_box, minmay_shop_grid_forest
D:7:      elyvilon_altar_4, gammafunk_ghost_grave, uniq_joseph,
          uniq_crazy_yiuf_cottage
D:8:      okawaru_trees_2, basic_altar
D:9:      tso_oasis_becter, minmay_orc_entry_temple_small, uniq_prince_ribbit1,
          uniq_gastronok
D:10:     dpeg_oklobed_lair, enter_trove_2, uniq_josephine
D:11:     lab_entry_generic, basic_altar, hangedman_little_slice_of_home
D:12:     serial_corexii_hall, corexii_hall_statues_l, corexii_hall_statues_t,
          uniq_sonja
D:13:     serial_shops, shop
Temple:   eino_temple_lava
Lair:1:   uniq_grum
Lair:2:   minmay_swamp_entry_worms, guppyfry_snake_entry_island,
          beast_lair_carwin_9
Lair:3:   wad_woods_minihive, gammafunk_ghost_ooze,
          nicolae_quartered_pool_little
Lair:4:   gammafunk_ghost_arena, beast_lair_carwin_10, uniq_urug, uniq_harold
Lair:5:   minivault_26
Lair:6:   evil_forest, dpeg_slime_entry_corner, enter_volcano_4
Orc:1:    serial_shops, shop, nicolae_orc_lava_tube
Orc:2:    pf_orc_diabolical
Lab:      labyrinth_hidden_loot, nicolae_lab_stuck, nicolae_lab_grate_2,
          nicolae_lab_flowing_pool

Skill      XL: |  1  2  3  4  5  6  7  8  9 10 11 12 13 14 15 |
---------------+----------------------------------------------+-----
Maces & Flails | 3 4 5 6 7 8 10 11 12 13 14 | 14.4
Dodging        | 3 4 5 6 7 9 10 11 12 13 | 13.4
Fighting       | 4 5 6 7 8 9 10 11 12 | 12.5
Armour         | 3 4 5 6 7 8 |  8.9
Shields        | 3 4 5 6 7 |  7.1
Stealth        | 4 7 9 |  9.3

Action                   |  1- 3 |  4- 6 |  7- 9 | 10-12 | 13-15 || total
-------------------------+-------+-------+-------+-------+-------++-------
Melee: Mace              |   113 |   181 |   144 |     6 |   289 ||   733
       Morningstar       |       |       |   140 |       |   282 ||   422
       Whip              |       |       |    64 |    61 |       ||   125
       Flail             |       |       |    22 |   628 |       ||   650
       Hunting sling     |       |       |       |       |    30 ||    30
       Eveningstar       |       |       |       |       |   794 ||   794
 Fire: Hunting sling     |       |     3 |    48 |   176 |   219 ||   446
       Blowgun           |       |       |       |     2 |       ||     2
Invok: Berserk           |     1 |     2 |     5 |    10 |    10 ||    28
       Trog's Hand       |       |     1 |     3 |     9 |     3 ||    16
       Brothers in Arms  |       |       |       |       |     1 ||     1
  Use: Scroll            |     1 |     9 |     4 |     9 |    11 ||    34
       Potion            |       |       |     1 |     2 |     5 ||     8
 Stab: Distracted        |     1 |       |       |       |       ||     1
  Eat: Chunk             |    11 |     7 |    20 |    52 |    69 ||   159
Armor: Animal skin       |    29 |     4 |       |       |       ||    33
       Ring mail         |       |    53 |    55 |       |       ||   108
       Scale mail        |       |       |    49 |    18 |       ||    67
       Chain mail        |       |       |       |   112 |       ||   112
       Plate armour      |       |       |       |   139 |   682 ||   821
Dodge: Dodged            |   150 |   169 |   249 |   356 |   795 ||  1719
Block: Buckler           |       |       |       |   175 |   366 ||   541
       Reflection        |       |       |       |    19 |    30 ||    49
       Shield            |       |       |       |       |   562 ||   562

Table legend:
 A = Spawn XP
 B = Non-spawn XP
 C = Spawn XP percentage of total XP
 D = Spawn monster count
 E = Non-spawn monster count
 F = Spawn count percentage of total count
 G = Total turns spent on level
                    A         B        C        D         E        F      G
               +---------+---------+-------+---------+---------+-------+---------
         Total |       0 |  100382 |   0.0 |       0 |     642 |   0.0 | 29690
               +---------+---------+-------+---------+---------+-------+---------
           D:1 |       0 |      27 |   0.0 |       0 |      17 |   0.0 |  1601
           D:2 |       0 |      78 |   0.0 |       0 |      28 |   0.0 |   790
           D:3 |       0 |     733 |   0.0 |       0 |      35 |   0.0 |  1456
           D:4 |       0 |    1499 |   0.0 |       0 |      37 |   0.0 |  1525
           D:5 |       0 |    1024 |   0.0 |       0 |      21 |   0.0 |  1375
           D:6 |       0 |     638 |   0.0 |       0 |      18 |   0.0 |   991
           D:7 |       0 |    2281 |   0.0 |       0 |      21 |   0.0 |  1218
           D:8 |       0 |    3545 |   0.0 |       0 |      29 |   0.0 |  1700
           D:9 |       0 |    5156 |   0.0 |       0 |      27 |   0.0 |  1510
          D:10 |       0 |    4462 |   0.0 |       0 |      31 |   0.0 |  1280
          D:11 |       0 |    5700 |   0.0 |       0 |      58 |   0.0 |  1024
          D:12 |       0 |    4290 |   0.0 |       0 |      16 |   0.0 |  1126
          D:13 |       0 |   10557 |   0.0 |       0 |      38 |   0.0 |  2229
        Lair:1 |       0 |    2769 |   0.0 |       0 |      13 |   0.0 |   882
        Lair:2 |       0 |    6637 |   0.0 |       0 |      36 |   0.0 |  1831
        Lair:3 |       0 |    9700 |   0.0 |       0 |      80 |   0.0 |  2915
        Lair:4 |       0 |   12804 |   0.0 |       0 |      31 |   0.0 |  1494
        Lair:5 |       0 |    7211 |   0.0 |       0 |      28 |   0.0 |  1711
        Lair:6 |       0 |   12551 |   0.0 |       0 |      39 |   0.0 |  1260
         Orc:1 |       0 |    3005 |   0.0 |       0 |      16 |   0.0 |   608
         Orc:2 |       0 |    4078 |   0.0 |       0 |      20 |   0.0 |   692
           Lab |       0 |    1637 |   0.0 |       0 |       3 |   0.0 |   470
               +---------+---------+-------+---------+---------+-------+---------
